 Dungeon Crawl Stone Soup version 0.27.1-36-g1b1ada6b1e (webtiles) character file.

Game seed: 325049376202555778

1682 KleinerIrrer the Martial Artist (level 9, -6/53 HPs)
             Began as an Octopode Transmuter on Feb 17, 2023.
             Was an Initiate of Gozag.
             Shot with an arrow by a centaur (11 damage)
             ... on level 8 of the Dungeon.
             The game lasted 00:15:54 (8197 turns).

KleinerIrrer the Martial Artist (OpTm)              Turns: 8197, Time: 00:15:54

Health: -6/53      AC:  5    Str: 10    XL:     9   Next: 2%
Magic:  21/21      EV: 17    Int: 17    God:    Gozag
Gold:   302        SH:  0    Dex: 13    Spells: 5/12 levels left

rFire    + . .     SeeInvis .     - Unarmed
rCold    . . .     Faith    .   (no shield)
rNeg     . . .     Spirit   .   (helmet restricted)
rPois    .         Reflect  .   (no amulet)
rElec    .         Harm     .   g - ring of magical power
rCorr    .         Rampage  .   b - +4 ring of protection
Will     .....                  e - ring of protection from fire
Stlth    ++........             s - +4 ring of evasion
HPRegen  0.17/turn              (no ring)
MPRegen  0.17/turn              (no ring)
                                (no ring)
                                (no ring)

@: hasted, very quick
A: almost no armour, amphibious, 8 rings, camouflage 1, gelatinous body 1,
(nimble swimmer 1), tentacles
a: Renounce Religion, Potion Petition, Call Merchant, Bribe Branch


You were on level 8 of the Dungeon.
You worshipped Gozag.
Gozag was aware of your devotion.
You visited 2 branches of the dungeon, and saw 8 of its levels.
You also visited: Sewer.

You collected 597 gold pieces.
You spent 160 gold pieces at shops.
You paid 135 gold pieces to Gozag.

Inventory:

Missiles
 l - 2 javelins
 q - 2 atropa-tipped darts (quivered)
Jewellery
 b - a +4 ring of protection (right tentacle)
 e - a ring of protection from fire (on tentacle)
 g - a ring of magical power (left tentacle)
 s - a +4 ring of evasion (on tentacle)
Wands
 o - a wand of polymorph (11)
 r - a wand of flame (8)
 t - a wand of paralysis (9)
Scrolls
 f - a scroll of noise
 n - 2 scrolls of enchant armour
 p - 3 scrolls of fog {unknown}
Potions
 a - 3 potions of might
 c - a potion of curing
 h - 2 potions of brilliance
 j - 2 potions of resistance
 k - 6 potions of flight


   Skills:
 - Level 1.2 Fighting
 - Level 2.5 Dodging
 - Level 11.1 Unarmed Combat
 - Level 2.0 Spellcasting
 * Level 2.3 Transmutations
 - Level 0.3 Evocations


You had 5 spell levels left.
You knew the following spells:

 Your Spells              Type           Power      Damage    Failure   Level
a - Beastly Appendage     Tmut           18%        N/A       8%          1
b - Wereblood             Tmut           9%         N/A       12%         2
c - Ice Form              Ice/Tmut       5%         N/A       75%         4

Your spell library contained the following spells:

 Spells                   Type           Power      Damage    Failure   Level
 Magic Dart               Conj           4%         1d3       19%         1
 Searing Ray              Conj           2%         3d3       28%         2
 Spider Form              Tmut/Pois      2%         N/A       36%         3
 Fulminant Prism          Conj/Hex       0%         3d6       88%         4


Dungeon Overview and Level Annotations

Branches:
Dungeon (6/15)             Temple (1/1) D:5           Sewer (visited)

Altars:
Ashenzari
Elyvilon
Gozag
Hepliaklqana
Kikubaaqudgha
Nemelex Xobeh
Okawaru
Ru
Trog
Uskayaw
Vehumet
Wu Jian
Xom
Yredelemnul
Zin
The Shining One

Shops:
D:3 =   D:4 *   D:5 (

Annotations:
D:8 Maurice


Innate Abilities, Weirdness & Mutations

You cannot wear most types of armour.
You are amphibious.
You can wear up to eight rings at the same time.
Your skin changes colour to match your surroundings (Stealth+).
Your rubbery body absorbs attacks. (AC +1, EV +1)
((You are camouflaged near water. (Stealth+)))
You have tentacles for arms and can constrict up to eight enemies at once.


Message History

The orc priest is distracted by your dazzling golden aura.
The orc warrior completely misses you. The centaur closely misses you.
The centaur misses you.
The orc throws a boomerang.
The boomerang hits you.
Things that are here:
6 gold pieces; a +0 short sword; a +0 leather armour The white imp shouts!
The orc priest shouts!
You tentacle-slap the centaur. x2
The centaur is moderately wounded.
You hear a shout!
The centaur misses you. The centaur barely misses you.
The orc warrior closely misses you.
You bludgeon the centaur!
The centaur is severely wounded.
The centaur misses you. The centaur completely misses you.
The orc warrior hits you with a +0 hand axe!
The centaur closely misses you. The centaur misses you.
You tentacle-slap the centaur but do no damage.
The centaur is severely wounded.
Your surroundings suddenly seem different.
As you read the scroll of magic mapping, it crumbles to dust.
You feel aware of your surroundings.
You sensed 2 altars, and 2 shops/portals.
The centaur shouts!
You hear a shout!
The centaur wields a +0 shortbow.
The centaur shoots an arrow.
The arrow closely misses you.
The orc wizard hits you with a +0 dagger.
The white imp gestures at you.
The puff of frost hits you but does no damage.
The centaur shoots an arrow.
The arrow hits you!
You hear a shout!
The centaur shoots an arrow.
The arrow hits you!
* * * LOW HITPOINT WARNING * * *
The orc shouts!
You feel better.
The centaur shoots an arrow.
The arrow barely misses you.
The orc wizard hits you with a +0 dagger.
The centaur shoots an arrow.
The arrow hits you!
* * * LOW HITPOINT WARNING * * *
You feel yourself speed up.
The centaur shoots an arrow.
The arrow hits you!
You die...
Your body crumbles into a pile of gold.

**,,,,* *,,,......o$..........
,,,,,,* #......o...#########..
,,,,,,*****#....o.....'.,# #..
,,,,,,**,,,#..........#*.# #..
,,,,,,**,,,*...o5.....##.# ##..
,,,,,,**,,,*,,......c....#####...
,,,,*,**,..#####.................
,,,,,,,+,...........##.######....
<****,**,,<***#.@o..........#.##.
,* *,**,,,* #.###....###....##.
,* *,**,,,* #.* #.#..........+.
,* *,**,,,***#.* #.#.......##...
,****,,,,,,,,,#.* #.#######.##.#.
,,,*****,,***,#.* #.# *.....?....
*********,* *,#.* #.#*#........(.
,,,,,*,,,,* *,#.* #.#*...♣♣♣♣♣♣♣.
,,,,,+,,,,* *,*,* #.**...♣♣♣♣♣♣♣.


You could see an orc warrior, a centaur, an orc priest, an orc wizard, a white
imp and an orc.

Vanquished Creatures
  A water moccasin (D:5)
  An orc warrior (D:6)
  A sky beast (D:6)
  3 ogres
  2 centaurs (D:6)
  A phantom (D:6)
  A scorpion (D:4)
  A water moccasin zombie (D:5)
  2 water moccasin skeletons
  A bullfrog zombie (D:3)
  4 crimson imps (D:4)
  3 hounds
  2 orc priests
  A centaur skeleton (D:4)
  Jessica (D:2)
  Ijyb (D:5)
  An iguana (D:5)
  2 orc wizards
  A hound skeleton (D:4)
  6 adders
  A river rat (D:4)
  2 white imps (D:6)
  6 worms
  11 orcs
  5 bats
  15 endoplasms
  7 giant cockroaches
  5 goblins
  3 hobgoblins
  14 jackals
  4 quokkas
  14 ball pythons
  3 frilled lizards
  5 kobolds
  3 rats
134 creatures vanquished.

Vanquished Creatures (others)
  7 fungi (D:8)
7 creatures vanquished.

Grand Total: 141 creatures vanquished

Notes
Turn   | Place    | Note
-------+----------+-------------------------------------------
     0 | D:1      | KleinerIrrer the Octopode Transmuter began the quest for
                  | the Orb.
     0 | D:1      | Reached XP level 1. HP: 13/13 MP: 3/3
   167 | D:1      | Reached XP level 2. HP: 11/18 MP: 5/5
   353 | D:1      | Found a faded altar of an unknown god.
  1534 | D:2      | Learned a level 2 spell: Wereblood
  1549 | D:2      | Reached XP level 3. HP: 18/23 MP: 6/6
  1732 | D:2      | Reached skill level 4 in Unarmed Combat
  2091 | D:2      | Noticed Jessica
  2100 | D:2      | Killed Jessica
  2101 | D:2      | Reached XP level 4. HP: 9/28 MP: 7/7
  2981 | D:2      | Reached skill level 5 in Unarmed Combat
  2981 | D:2      | Reached XP level 5. HP: 31/33 MP: 8/8
  3047 | D:2      | Learned a level 4 spell: Ice Form
  3787 | D:3      | Reached skill level 6 in Unarmed Combat
  3787 | D:3      | Reached XP level 6. HP: 24/38 MP: 9/9
  4024 | D:3      | Found Debb's Jewellery Emporium.
  4411 | D:4      | Found Usmyxkig's Assorted Antiques.
  4440 | D:4      | Bought a copper ring for 160 gold pieces
  4530 | D:4      | Found a glowing silver altar of Zin.
  4621 | D:4      | Reached skill level 7 in Unarmed Combat
  4632 | D:4      | Found a shimmering altar of Xom.
  4646 | D:4      | Reached XP level 7. HP: 42/43 MP: 10/10
  4724 | D:4      | Reached skill level 8 in Unarmed Combat
  4833 | D:4      | Found a glowing drain.
  4859 | Sewer    | Entered a sewer
  5746 | D:4      | Found a glowing golden altar of the Shining One.
  5908 | D:5      | Entered Level 5 of the Dungeon
  5954 | D:5      | Noticed Ijyb
  5972 | D:5      | Killed Ijyb
  5973 | D:5      | Reached skill level 9 in Unarmed Combat
  6136 | D:5      | Reached XP level 8. HP: 46/48 MP: 11/11
  6647 | D:5      | Found Yttio's Weapon Emporium.
  6676 | D:5      | Found a staircase to the Ecumenical Temple.
  6685 | Temple   | Entered the Ecumenical Temple
  6864 | Temple   | Became a worshipper of Gozag Ym Sagoz the Greedy
  7065 | D:5      | Reached skill level 10 in Unarmed Combat
  7954 | D:6      | Reached skill level 11 in Unarmed Combat
  7954 | D:6      | Reached XP level 9. HP: 42/53 MP: 12/12
  8140 | D:6      | You fall into a shaft and drop 2 floors!
  8140 | D:8      | Noticed Maurice
  8140 | D:8      | Found a hide-covered altar of Uskayaw.
  8197 | D:8      | Shot with an arrow by a centaur

Illustrated notes

Levels and vault maps discovered:
D:1:      dpeg_arrival_erosion, layout_loops_cross,
          dreamdust_ecumenical_altar_angels_and_demons
D:2:      layout_basic, uniq_jessica
D:3:      layout_loops_ring, serial_shops, shop, serial_rivers,
          chequers_serial_rivers_room_b, chequers_serial_rivers_large_a,
          chequers_serial_rivers_micro_d, chequers_serial_rivers_room_b,
          chequers_serial_rivers_small_b, chequers_serial_rivers_micro_c,
          glass_columns_b, solitary_fountain
D:4:      layout_loops_ring, led_xom_imps, nicolae_tso_swordbearing_angel,
          mainiacjoe_overflow_surrounded_room, portal_sewer_entry_c,
          serial_shops, nicolae_square_shop
D:5:      layout_rooms, minmay_temple_entry_waves, serial_shops, shop, uniq_ijyb
D:6:      layout_gridville, mainiacjoe_overflow_boulevard,
          grunt_qazlal_sundering, minmay_misc_feat_five, uniq_prince_ribbit1
D:8:      layout_basic, slow_altar_2, fedhas_altar_4,
          mainiacjoe_overflow_chevrons, serial_shops, nicolae_stop_n_shop_1,
          shop, uniq_maurice
Temple:   nicolae_temple_figure_eight

Skill      XL: |  1  2  3  4  5  6  7  8 |
---------------+-------------------------+-----
Unarmed Combat | 4 5 6 7 9 11 | 11.1
Fighting       | |  1.2
Dodging        | |  2.5
Spellcasting   | |  2.0
Transmutations | |  2.3
Evocations     | |  0.3

Action                   |  1- 3 |  4- 6 |  7- 9 || total
-------------------------+-------+-------+-------++-------
Melee: Unarmed           |    78 |   116 |   207 ||   401
       Constrict         |    15 |    23 |    34 ||    72
       Tentacles         |    13 |    21 |    25 ||    59
       Punch             |     1 |     3 |    12 ||    16
Throw: Dart              |       |     2 |     1 ||     3
 Cast: Beastly Appendage |     1 |       |       ||     1
       Wereblood         |     1 |       |       ||     1
Evoke: Wand              |       |       |     2 ||     2
  Use: Potion            |     1 |       |     3 ||     4
       Scroll            |       |     5 |     7 ||    12
 Stab: Sleeping          |     3 |     8 |     9 ||    20
Armor: Skin              |     2 |     7 |    30 ||    39
Dodge: Dodged            |    39 |    60 |   119 ||   218
